 Dungeon Crawl Stone Soup version 0.27-a0-1118-ga84896973d (webtiles) character file.

Game seed: 7092364288015774699

93 Gaff the Magician (level 4, -2/32 HPs)
             Began as a Djinni Earth Elementalist on May 2, 2021.
             Was a Believer of Makhleb.
             Slain by a sky beast (5 damage)
             ... on level 2 of the Dungeon.
             The game lasted 00:07:00 (4192 turns).

Gaff the Magician (Djinni Earth Elementalist)       Turns: 4192, Time: 00:07:01

Health: -2/32      AC:  3    Str:  7    XL:     4   Next: 61%
Gold:   70         EV: 13    Int: 17    God:    Makhleb [**....] SH:  0 Dex: 20

rFire    + + .     SeeInvis .   j - +0 war axe
rCold    x . .     Faith    .   (no shield)
rNeg     . . .     Spirit   .   c - +0 robe
rPois    ∞         Reflect  .   n - +0 helmet
rElec    .         Harm     .   (no cloak)
rCorr    .         Rampage  .   (no gloves)
Will     .....                  (boots unavailable)
Stlth    ++........             (no amulet)
HPRegen  0.10/turn              a - +6 ring of dexterity
MPRegen  0.00/turn              (no ring)

@: flying
A: fire resistance 2, cold vulnerability 1, float, innate caster, hp casting,
extra vitality 1
a: Renounce Religion, Minor Destruction


You were on level 2 of the Dungeon.
You worshipped Makhleb.
Makhleb was pleased with you.
You visited 1 branch of the dungeon, and saw 3 of its levels.

You collected 70 gold pieces.

Inventory:

Hand Weapons
 d - a +0 hand axe
 j - a +0 war axe (weapon)
Missiles
 b - 75 stones
 i - 29 poisoned darts
Armour
 c - a +0 robe (worn)
 n - a +0 helmet (worn)
Jewellery
 a - a +6 ring of dexterity (left hand)
Scrolls
 h - a scroll of magic mapping {unknown}
 k - a scroll of identify {unknown}
 m - a scroll of silence {unknown}
Potions
 e - a potion of cancellation {unknown}
 f - 2 potions of mutation {unknown}
 l - a potion of curing {unknown}
 o - a potion of brilliance


   Skills:
 + Level 1.5 Fighting
 - Level 0.1 Axes
 - Level 2.3 Dodging
 - Level 2.0 Stealth
 * Level 3.9 Spellcasting


You couldn't memorise any spells.
You knew the following spells:

 Your Spells              Type           Power      Damage    Failure   Level
a - Sandblast             Erth           32%        2d9       3%          1
b - Passwall              Tmut/Erth      13%        N/A       4%          2
c - Stone Arrow           Conj/Erth      32%        3d9       10%         3
d - Petrify               Tmut/Erth      16%        N/A       32%         4
e - Lee's Rapid Deconstr  Erth           8%         3d8*      65%         5
f - Pain                  Necr           64%        1d7       3%          1
Your spell library was empty.

Dungeon Overview and Level Annotations

Branches:
Dungeon (3/15)

Altars:
Makhleb


Innate Abilities, Weirdness & Mutations

You are immune to poison.
Your flesh is very heat resistant. (rF++)
You are vulnerable to cold. (rC-)
You float through the air rather than walking.
You learn spells naturally, not from books.
Your magical power is your life essence.
You have superior vitality. (+4 HP)


Message History

Aiming: Pain (safe; 3% risk of failure)
Press: ? - help, Q - select action, (/) - cycle Shift-Dir - straight line, f/p - sky beast
Aim: a sky beast (chance to affect: 75%)
The sky beast writhes in agony!
There is a stone staircase leading up here.
The sky beast barely misses you.
You fly upwards.
There is a stone staircase leading down here.
Casting: Pain (safe; 3% risk of failure)
Confirm with . or Enter, or press ? or * to list all spells.
Aiming: Sandblast (safe; 3% risk of failure)
Press: ? - help, Shift-Dir - straight line, f - sky beast
Aim: a sky beast (moderately wounded, 71% to hit)
Okay, then.
Aiming: Pain (safe; 3% risk of failure)
Press: ? - help, Q - select action, (/) - cycle Shift-Dir - straight line, f - sky beast
Aim: a sky beast (moderately wounded, chance to affect: 75%)
The sky beast struggles to resist.
The sky beast hits you. The sky beast shocks you.
* * * LOW HITPOINT WARNING * * *
Aiming: Pain (safe; 3% risk of failure)
Press: ? - help, Q - select action, (/) - cycle Shift-Dir - straight line, f/p - sky beast
Aim: a sky beast (moderately wounded, chance to affect: 75%)
The sky beast struggles to resist.
* * * LOW HITPOINT WARNING * * *
The sky beast flickers out of sight!
Deactivating autopickup; reactivate with Ctrl-A.
Something hits you.
* * * LOW HITPOINT WARNING * * *
Something shocks you.
* * * LOW HITPOINT WARNING * * *
Aiming: Pain (safe; 3% risk of failure)
Press: ? - help, Q - select action, (/) - cycle Shift-Dir - straight line, f - you
Okay, then.
As you read the scroll labelled PAOKHL CUNNA, it crumbles to dust.
You hear a loud clanging noise!
It was a scroll of noise.
Something hits you.
* * * LOW HITPOINT WARNING * * *
Something shocks you.
You die...

....##..# #..#..#.........#
######..# #..#.....#'######
#..###..#.##..#.# #
#.......#<....#.#
######.#.##.#####..#.#
'......#.##........#.#
########.#.........#.#######
########.#.#...............#
................@..#.......#
########...#.#.#{#.######..#
....# #...#.#.#)#.# #..#
###.# #.#.#.#.#.#.# #..#
###'## #.#...#.#.#.#
#..###### .....#
#.#...#.#.#.# #........
.....# #.#.......#.#
#.######. .....#
#.......###.######.# #.
.....# ###.............##.#
#.


There were no monsters in sight!

Vanquished Creatures
  Robin (D:2)
  An adder (D:2)
  A dart slug (D:2)
  An orc (D:2)
  7 bats
  6 endoplasms
  11 goblins
  9 hobgoblins
  12 kobolds
  2 quokkas (D:1)
  6 ball pythons
  A frilled lizard (D:1)
  4 rats
62 creatures vanquished.

Notes
Turn   | Place    | Note
-------+----------+-------------------------------------------
     0 | D:1      | Gaff the Djinni Earth Elementalist began the quest for the
                  | Orb.
     0 | D:1      | Reached XP level 1. HP: 15/15 MP: 0/0
   290 | D:1      | Reached skill level 3 in Spellcasting
   290 | D:1      | Reached XP level 2. HP: 9/21 MP: 0/0
  1090 | D:1      | Reached XP level 3. HP: 16/25 MP: 0/0
  1090 | D:1      | Learned a level 1 spell: Pain
  1879 | D:2      | Noticed Robin
  2285 | D:2      | Found a faded altar of an unknown god.
  2295 | D:2      | Became a worshipper of Makhleb the Destroyer
  2295 | D:2      | Reached * piety under Makhleb
  2347 | D:2      | Reached skill level 1 in Fighting
  3134 | D:2      | Reached XP level 4. HP: 25/32 MP: 0/0
  3786 | D:2      | Killed Robin
  4165 | D:3      | Reached ** piety under Makhleb
  4175 | D:3      | Noticed a sky beast
  4192 | D:2      | Slain by a sky beast

Illustrated notes

Levels and vault maps discovered:
D:1:      doesnt_arrival_eight_statues, layout_basic, st_stairs_12
D:2:      layout_basic, ebering_ecumenical_altar_mist, uniq_robin
D:3:      cheibrodos_greedy_goblins, layout_basic

Skill      XL: |  1  2  3 |
---------------+----------+-----
Spellcasting   | 3 |  3.9
Stealth        | 2 |  2.0
Fighting       | 1 |  1.5
Axes           | |  0.1
Dodging        | |  2.3

Action                   |  1- 3 |  4- 6 || total
-------------------------+-------+-------++-------
Melee: Hand axe          |    38 |       ||    38
       Unarmed           |     8 |       ||     8
       War axe           |     6 |    32 ||    38
 Cast: Sandblast         |    17 |       ||    17
       Pain              |    34 |    18 ||    52
  Use: Potion            |     2 |       ||     2
       Scroll            |       |     1 ||     1
 Stab: Sleeping          |     1 |     1 ||     2
Armor: Robe              |    23 |     5 ||    28
Dodge: Dodged            |    83 |    25 ||   108

Table legend: (Time is in decaauts)
 A = Elapsed time spent in this place.
 B = Non-inter-level travel time spent in this place.
 C = Inter-level travel time spent in this place.
 D = Time resting spent in this place.
 E = Time spent auto-exploring this place.
 F = Levels seen in this place.
 G = Mean time per level.
                   A        B        C        D        E       F      G
               +--------+--------+--------+--------+--------+-----+--------+
         Total |   4224 |   4095 |    129 |   2448 |    978 |   3 | 1408.0 |
       Dungeon |   4224 |   4095 |    129 |   2448 |    978 |   3 | 1408.0 |
               +--------+--------+--------+--------+--------+-----+--------+

Top non-repeatable levels by time:
     D:1: 2642 daAuts
     D:2: 1556 daAuts
     D:3: 25 daAuts
